 Dungeon Crawl Stone Soup version 0.29.1-2-gbd0b4ee654 (webtiles) character file.

Game seed: 15819868975618900340

64 Firos the Slasher (level 3, 0/31 HPs)
             Began as a Minotaur Gladiator on Nov 15, 2022.
             Slain by Sigmund
             ... wielding a +3 scythe of flaming
              (7 damage)
             ... on level 2 of the Dungeon.
             The game lasted 00:02:32 (1223 turns).

Firos the Slasher (Minotaur Gladiator)              Turns: 1223, Time: 00:02:33

Health: 0/31       AC:  8    Str: 18    XL:     3   Next: 91%
Magic:  2/2        EV: 11    Int:  5    God:
Gold:   68         SH:  0    Dex: 17    Spells: 2/2 levels left

rFire   . . .      SeeInvis .   a - +0 long sword
rCold   . . .      Faith    .   (no shield)
rNeg    . . .      Spirit   .   n - +2 scale mail of Dyspraxia {Dex+4}
rPois   .          Reflect  .   c - +0 hat
rElec   .          Harm     .   (no cloak)
rCorr   .          Rampage  .   (no gloves)
Will    .....                   (no boots)
Stlth   ..........              (no amulet)
HPRegen 0.10/turn               (no ring)
MPRegen 0.08/turn               (no ring)

@: no status effects
A: horns 2, retaliatory headbutt
a: no special abilities


You were on level 2 of the Dungeon.
You visited 1 branch of the dungeon, and saw 2 of its levels.

You collected 68 gold pieces.

Inventory:

Hand Weapons
 a - a +0 long sword (weapon)
 b - a +0 longbow
Missiles
 d - 3 throwing nets (quivered)
 e - a javelin
Armour
 c - a +0 hat (worn)
 n - the +2 scale mail of Dyspraxia (worn) {Dex+4}
   (You found it on level 2 of the Dungeon)

   Dex:       It affects your dexterity (+4).
Scrolls
 f - a scroll of immolation {unknown}
 g - 2 scrolls of identify
 j - a scroll of enchant weapon {unknown}
 k - a scroll of acquirement {unknown}
 m - a scroll of teleportation
Potions
 i - a potion of mutation
 l - a potion of brilliance {unknown}


   Skills:
 + Level 3.0 Fighting
 * Level 4.5 Long Blades
 * Level 1.9 Ranged Weapons
 - Level 2.0 Throwing
 + Level 1.2 Armour
 + Level 3.5 Dodging


You had 2 spell levels left.
You didn't know any spells.
Your spell library contained the following spells:

 Spells                   Type           Power      Damage    Failure   Level
 Frozen Ramparts          Ice            0%         1d1       99%         3
 Ice Form                 Ice/Tmut       0%         N/A       100%        4
 Summon Ice Beast         Ice/Summ       0%         N/A       100%        4


Dungeon Overview and Level Annotations

Branches:
Dungeon (2/15)

Altars:

Annotations:
D:2 Sigmund


Innate Abilities, Weirdness & Mutations

You have a pair of horns on your head.
You reflexively headbutt those who attack you in melee.


Message History

You open the door.
A rat comes into view.
The rat barely misses you.
You closely miss the rat. The rat bites you but does no damage.
The rat closely misses you.
You slash the rat!
You kill the rat!
No target in view!
There is an open door here.
There is an open door here.
You see here a rat corpse.
Sigmund shouts!
Sigmund gestures at you while chanting. The puff of flame hits you!
b - a +0 longbow (weapon)
You shoot an arrow.
The arrow hits Sigmund but does no damage.
Sigmund gestures at you while chanting. The magic dart hits you.
You shoot an arrow. The arrow closely misses Sigmund.
You shoot an arrow.
The arrow hits Sigmund but does no damage.
Sigmund hits you from afar with a +3 scythe of flaming.
Sigmund burns you.
a - a +0 long sword (weapon)
Sigmund hits you but does no damage.
You closely miss Sigmund. Your headbutt misses Sigmund.
Sigmund barely misses you. You furiously retaliate!
You headbutt Sigmund. You slash Sigmund!
Sigmund is heavily wounded.
You hit Sigmund.
Sigmund is severely wounded.
Sigmund hits you with a +3 scythe of flaming!
* * * LOW HITPOINT WARNING * * *
Sigmund burns you.
* * * LOW HITPOINT WARNING * * *
You hit Sigmund. Your headbutt misses Sigmund.
Sigmund is severely wounded.
Sigmund hits you with a +3 scythe of flaming!
You die...

........#.#
.######.#.#
#'####'# ##
###.#.######......
#^..#......#.....
#...#.####.#.... #
#...'......#... #
#...########.. ###
#...†.....##@# ..#
#...#####.##@#
#.###...# #.....#
..[##...# #..##.#
#...<#'## #..##.#
#.[.....# #..##.#
#...)...# #..##.#
#.......# #.....#
#...)...# #.##..#
#.......+ .. ..


You could see Sigmund.

Vanquished Creatures
  An adder (D:2)
  2 dart slugs (D:2)
  3 bats (D:1)
  4 endoplasms
  5 giant cockroaches
  4 goblins (D:1)
  2 hobgoblins
  4 jackals (D:1)
  5 kobolds
  5 ball pythons
  3 frilled lizards (D:1)
  7 rats
45 creatures vanquished.

Notes
Turn   | Place    | Note
-------+----------+-------------------------------------------
     0 | D:1      | Firos the Minotaur Gladiator began the quest for the Orb.
     0 | D:1      | Reached XP level 1. HP: 18/18 MP: 0/0
   179 | D:1      | Reached XP level 2. HP: 25/25 MP: 1/1
   232 | D:1      | You fall into a shaft and drop 1 floor!
   251 | D:2      | Reached skill level 4 in Long Blades
   352 | D:1      | Reached skill level 1 in Ranged Weapons
   421 | D:1      | Found a faded altar of an unknown god.
   470 | D:1      | Reached XP level 3. HP: 30/30 MP: 2/2
   516 | D:1      | Reached skill level 1 in Armour
   909 | D:2      | Identified the +2 scale mail of Dyspraxia {Dex+4}
  1167 | D:2      | Noticed Sigmund
  1223 | D:2      | Slain by Sigmund

Illustrated notes

Levels and vault maps discovered:
D:1:      beargit_arrival_greenhouse, layout_rooms,
          shapermc_ecumenical_altar_mp_urbaneastern
D:2:      layout_basic, serial_shops, shop, nrook_campfire,
          dreamdust_princess_bridge, uniq_sigmund

Skill      XL: |  1  2  3 |
---------------+----------+-----
Long Blades    | 4 |  4.5
Ranged Weapons | 1 |  1.9
Armour         | 1 |  1.2
Fighting       | 3 |  3.0
Throwing       | |  2.0
Dodging        | |  3.5

Action                   || total
-------------------------++-------
Melee: Long sword        ||    59
       Headbutt          ||     8
 Fire: Longbow           ||    32
  Use: Scroll            ||     2
Armor: Scale mail        ||    21
       Leather armour    ||     2
Dodge: Dodged            ||    31
